cohdb
Replays
Latest Replays
All Replays
Popular Replays
Top Player Replays
Match Explorer
How It Works
Community
CoH3 Stats
Reddit
Sign in to upload your games and track your stats! →
Sign in with Steam
Match 38712982
Unlisted
Match 38712982
Overview
Messages
Build Orders
End
Scout Squad
Selects Special Operations Battlegroup
Selects M29 Weasel Recon Vehicle
M29 Weasel Recon Vehicle
Construct Barracks
Riflemen Squad
Riflemen Squad
Air Support Center
Construct Weapon Support Center
Grasshopper Recon Run
Riflemen Squad
M3 Armored Personnel Carrier
Grenade Package
Grasshopper Recon Run
Construct Medical Station
Engineer Squad
Grasshopper Recon Run
M1918 Browning Automatic Rifles
P-47 Strafing Run
Bazooka Squad
Grasshopper Recon Run
M1 Mortar Team
Construct Tank Depot
Selects P-47 Anti-Infantry Loiter
Grasshopper Recon Run
Selects Raiding Flares
Selects SSF Commando Squad
P-47 Strafing Run
M4A1 Sherman Medium Tank
Grasshopper Recon Run
实力不足只能当老六了
REGULATOR
0
0
Comments
sign in to comment!
No comments posted yet!